 Dungeon Crawl Stone Soup version 0.30-a0-777-ga9a30cbeda (webtiles) character file.

Game seed: 6266673954812995429

441 testman the Magician (level 7, -3/53 HPs)
             Began as a Djinni Ice Elementalist on Feb 13, 2023.
             Was a Follower of Makhleb.
             Slain by Terence
             ... wielding a +0 mace
              (6 damage)
             ... while paralysed by Grinder
             ... on level 3 of the Dungeon.
             The game lasted 00:10:46 (2525 turns).

testman the Magician (Djinni Ice Elementalist)      Turns: 2525, Time: 00:10:47

Health: -3/53      AC:  3    Str: 10    XL:     7   Next: 22%
Gold:   225        EV:  2    Int: 14    God:    Makhleb [*.....] SH:  0 Dex: 13

rFire   + + .      SeeInvis +    u - +9 short sword "Dragonbane" {flame, Str+3 Int-5 SInv}
rCold   x . .      Faith    .    (no shield)
rNeg    . . .      Spirit   .    a - +0 robe
rPois   ∞          Reflect  .    (no helmet)
rElec   .          Harm     .    q - +0 cloak
rCorr   .          Rampage  .    (no gloves)
Will    .....                    (boots unavailable)
Stlth   ++                       (no amulet)
HPRegen 0.28/turn                (no ring)
MPRegen 0.00/turn                (no ring)

@: paralysed, freezing walls, flying
A: sickness immunity, fire resistance 2, cold vulnerability 1, float, innate
caster, HP casting, extra vitality 1
a: Renounce Religion


You were on level 3 of the Dungeon.
You worshipped Makhleb.
Makhleb was aware of your devotion.
You visited 1 branch of the dungeon, and saw 3 of its levels.

You collected 225 gold pieces.

Inventory:

Hand Weapons
 d - a +0 short sword
 u - the +9 short sword "Dragonbane" (weapon) {flame, Str+3 Int-5 SInv}
   (You found it on level 2 of the Dungeon)

   Str:       It affects your strength (+3).
   Int:       It affects your intelligence (-5).
   SInv:      It lets you see invisible.
Missiles
 k - 3 boomerangs
 o - 2 poisoned darts
Armour
 a - a +0 robe (worn)
 q - a +0 cloak (worn)
Jewellery
 c - a ring of fire
Scrolls
 b - a scroll of immolation {unknown}
 e - 2 scrolls of enchant weapon {unknown}
 g - a scroll of teleportation {unknown}
 j - a scroll of vulnerability {unknown}
 l - 2 scrolls of identify {unknown}
 m - a scroll of amnesia {unknown}
 s - a scroll of enchant armour {unknown}
 t - a scroll of magic mapping {unknown}
 v - a scroll of poison {unknown}
Potions
 f - 3 potions of flight {unknown}
 h - a potion of magic {unknown}
 i - 3 potions of heal wounds {unknown}
 n - a potion of ambrosia {unknown}
 p - 2 potions of degeneration {unknown}
 r - a potion of haste {unknown}


   Skills:
 + Level 4.5 Fighting
 - Level 2.1 Dodging
 - Level 1.5 Stealth
 + Level 4.9 Spellcasting
 + Level 1.5 Invocations


You couldn't memorise any spells.
You knew the following spells:

 Your Spells              Type           Power      Damage    Failure   Level
a - Freeze                Ice            68%        1d8       2%          1
b - Frozen Ramparts       Ice            34%        1d6       7%          3
c - Ozocubu's Armour      Ice            17%        N/A       7%          3
d - Summon Ice Beast      Ice/Summ       17%        N/A       22%         4
e - Slow                  Hex            68%        N/A       2%          1
f - Ensorcelled Hibernat  Hex/Ice        34%        N/A       3%          2
g - Swiftness             Air            17%        N/A       7%          3
Your spell library was empty.

Dungeon Overview and Level Annotations

Branches:
Dungeon (3/15)

Altars:
Makhleb

Annotations:
D:3 Grinder, Robin, Terence


Innate Abilities, Weirdness & Mutations

You are immune to sickness and miasma.
You are immune to poison.
Your flesh is very heat resistant. (rF++)
You are vulnerable to cold. (rC-)
You float through the air rather than walking.
You learn spells naturally, not from books.
Your magical power is your life essence.
You have superior vitality. (+4 MHP)


Message History

You hit Terence but do no damage.
Terence is severely wounded.
The wall freezes Robin.
Robin roars a battlecry!
The goblins go into a battle-frenzy!
The wall freezes Terence.
Terence hits you with a +0 mace!
You barely miss Terence.
Terence is severely wounded.
The wall freezes Robin.
Robin throws the goblin at you!
The wall freezes the goblin.
You kill the goblin!
Makhleb accepts your kill. Grinder gestures at you.
You suddenly lose the ability to move!
The wall freezes Terence but does no damage.
Terence looks scornfully at you. Terence hits you with a +0 mace.
* * * LOW HITPOINT WARNING * * *
The wall freezes the goblin.
The goblin hits you with a +0 club.
* * * LOW HITPOINT WARNING * * *
The wall freezes Robin.
Robin throws the goblin at you!
* * * LOW HITPOINT WARNING * * *
The wall freezes the goblin.
The goblin hits you with a +0 club.
* * * LOW HITPOINT WARNING * * *
A goblin comes into view. It is wielding a +0 dagger.
The wall freezes Terence but does no damage.
Terence hits you with a +0 mace.
* * * LOW HITPOINT WARNING * * *
The wall freezes the goblin.
You kill the goblin!
Makhleb accepts your kill.
You can now gain health from killing.
The wall freezes the hobgoblin.
The wall freezes Robin.
Robin roars a battlecry!
The wall freezes the goblin.
You kill the goblin!
Makhleb accepts your kill.
The wall freezes Terence but does no damage.
Terence hits you with a +0 mace.
You die...

........# #.......#
#.......# #.......
#..=5?. . ... g.
#.#)# gg..#.#@###
#g.g@)).# #.######
###g#...# #......#
# ...##.(# #.####.#
# ###
#..######.####.##
########
#.........##.....
.......#
##.##.....>##.#.##
######.#
#..##.####.##.#.##
####.####
##.###.####......##


You could see Grinder, Terence, Robin, a hobgoblin (strong) and a goblin
(strong).

Vanquished Creatures
  Sigmund (D:2)
  Pargi (D:3)
  Natasha (twice) (D:2)
  6 adders
  3 worms
  A dart slug (D:2)
  An orc (D:3)
  5 ball pythons
  11 bats
  2 endoplasms
  5 giant cockroaches
  9 goblins
  4 hobgoblins
  2 quokkas (D:1)
  4 frilled lizards
  5 kobolds
  4 rats
66 creatures vanquished.

Notes
Turn   | Place    | Note
-------+----------+-------------------------------------------
     0 | D:1      | testman the Djinni Ice Elementalist began the quest for the
                  | Orb.
     0 | D:1      | testman set off with the following spells memorised:
                  | Freeze, Frozen Ramparts, Ozocubu's Armour, Summon Ice
                  | Beast.
     0 | D:1      | Reached XP level 1. HP: 15/15 MP: 0/0
   229 | D:1      | Reached XP level 2. HP: 20/22 MP: 0/0
   250 | D:1      | Reached skill level 1 in Fighting
   494 | D:2      | Reached XP level 3. HP: 26/27 MP: 0/0
   494 | D:2      | Learned a level 1 spell: Slow
   677 | D:2      | Noticed Sigmund
   696 | D:2      | HP: 1/28 [something/puff of flame (3)]
  1024 | D:2      | Killed Sigmund
  1025 | D:2      | Reached XP level 4. HP: 6/37 MP: 0/0
  1025 | D:2      | Reached XP level 5. HP: 6/41 MP: 0/0
  1025 | D:2      | Learned a level 2 spell: Ensorcelled Hibernation
  1025 | D:2      | Reached XP level 6. HP: 7/47 MP: 0/0
  1210 | D:2      | Noticed Natasha
  1214 | D:2      | Killed Natasha
  1421 | D:2      | Identified the +9 short sword "Dragonbane" {flame, Str+3
                  | Int-5 SInv}
  1480 | D:2      | Noticed Natasha
  1487 | D:2      | Killed Natasha
  1724 | D:3      | Found a burning altar of Makhleb.
  1730 | D:3      | Became a worshipper of Makhleb the Destroyer
  1866 | D:3      | Noticed Pargi
  1881 | D:3      | Killed Pargi
  1882 | D:3      | Reached skill level 1 in Invocations
  1882 | D:3      | Reached XP level 7. HP: 40/53 MP: 0/0
  1882 | D:3      | Learned a level 3 spell: Swiftness
  2501 | D:3      | Noticed Grinder
  2511 | D:3      | Noticed Terence
  2518 | D:3      | Paralysed by Grinder for 2 turns
  2519 | D:3      | Noticed Robin
  2523 | D:3      | Paralysed by Grinder for 4 turns
  2524 | D:3      | HP: 2/53 [Terence/+0 mace (2)]
  2524 | D:3      | Reached * piety under Makhleb
  2525 | D:3      | Slain by Terence

Illustrated notes

Levels and vault maps discovered:
D:1:      spicycebolla_green_bress_n_ham, layout_rooms
D:2:      layout_loops_ring, minmay_pentomino_u4, uniq_natasha, uniq_sigmund
D:3:      layout_loops_cross, mainiacjoe_overflow_catwalk, uniq_robin,
          uniq_terence, uniq_grinder, uniq_pargi

Skill      XL: |  1  2  3  4  5  6 |
---------------+-------------------+-----
Fighting       | 1 3 4 |  4.5
Spellcasting   | 4 |  4.9
Invocations    | 1 |  1.5
Dodging        | |  2.1
Stealth        | |  1.5

Action                     |  1- 3 |  4- 6 |  7- 9 || total
---------------------------+-------+-------+-------++-------
  Melee: Unarmed           |     1 |       |       ||     1
         Short sword       |     9 |    18 |    23 ||    50
   Cast: Freeze            |    46 |    18 |    10 ||    74
         Frozen Ramparts   |     2 |     6 |     5 ||    13
         Ozocubu's Armour  |     1 |     3 |     1 ||     5
         Slow              |     1 |     1 |       ||     2
         Ensorcelled Hiber |       |     1 |       ||     1
   Stab: Sleeping          |     4 |     2 |     1 ||     7
         Distracted        |     1 |       |       ||     1
 Armour: Robe              |     6 |    14 |     6 ||    26
  Dodge: Dodged            |    32 |    29 |    20 ||    81

Table legend: (Time is in decaauts)
 A = Elapsed time spent in this place.
 B = Non-inter-level travel time spent in this place.
 C = Inter-level travel time spent in this place.
 D = Time resting spent in this place.
 E = Time spent auto-exploring this place.
 F = Levels seen in this place.
 G = Mean time per level.
                   A        B        C        D        E       F      G
               +--------+--------+--------+--------+--------+-----+--------+
         Total |   2524 |   2371 |    153 |     78 |   1834 |   3 |  841.3 |
       Dungeon |   2524 |   2371 |    153 |     78 |   1834 |   3 |  841.3 |
               +--------+--------+--------+--------+--------+-----+--------+

Top non-repeatable levels by time:
     D:2: 1149 daAuts
     D:3: 768 daAuts
     D:1: 606 daAuts
